 Dungeon Crawl Stone Soup version bcrawl-1.21.3 (webtiles) character file.

Game seed: 12486356747042395693

2487 MisterOstroum the Tainter (level 9, 0/60 (61) HPs)
             Began as an Octopode Venom Mage on Apr 4, 2020.
             Was a Follower of Vehumet.
             Slain by a crimson imp
             ... wielding a +0 trident of piercing
              (2 damage)
             ... on level 6 of the Dungeon.
             The game lasted 00:17:18 (6845 turns).

MisterOstroum the Tainter (Octopode Venom Mage)     Turns: 6845, Time: 00:17:19

HP:   0/60 (61)     AC:  2    Str:  7    XL:     9   Next: 52%
MP:   24/24         EV: 21    Int: 23    God:    Vehumet [*.....]
Gold: 37            SH:  4    Dex: 18    Spells: 2/17 levels left

rFire    + . .     SeeInvis .     - Unarmed
rCold    x . .     Gourm    .   (shield currently unavailable)
rNeg     . . .     Faith    .   (helmet currently unavailable)
rPois    x         Spirit   .   (cloak currently unavailable)
rElec    .         Reflect  +   E - +4 amulet of reflection
rCorr    .         Harm     .   p - +3 ring of intelligence
MR       .....                  C - ring of magical power
Stlth    +++.......             A - ring of fire
HPRegen  0.20/turn              (no ring)
MPRegen  0.19/turn              (no ring)
                                (no ring)
                                (no ring)
                                (no ring)

@: spider-form
A: tiny, almost no armour, stealthy swim, (amphibious), 8 rings, (constrict 8)
a: End Transformation, Renounce Religion


You were on level 6 of the Dungeon.
You worshipped Vehumet.
Vehumet was aware of your devotion.
You were not hungry.
You were a venomous arachnid creature.
You visited 2 branches of the dungeon, and saw 7 of its levels.

You collected 339 gold pieces.
You spent 302 gold pieces at shops.

Inventory:

Hand Weapons
 a - a +0 dagger (melded)
 y - a +1 whip of venom
Missiles
 f - 588 stones (quivered)
 o - 189 arrows
 v - 157 javelins
 w - 801 sling bullets
 D - 50 tomahawks of dispersal
Armour
 h - a +0 buckler
 i - a +1 hat (melded)
Jewellery
 p - a +3 ring of intelligence (left front leg)
 A - a ring of fire (on tentacle)
 C - a ring of magical power (right front leg)
 E - a +4 amulet of reflection (around neck)
Scrolls
 c - 3 scrolls of remove curse {@r2}
 d - a scroll of identify {@r1}
 g - 4 scrolls of teleportation {@r3 !r}
 l - 2 scrolls of magic mapping {unknown}
 q - a scroll of fear {unknown}
 r - 2 scrolls of amnesia
 u - 2 scrolls of fog
 F - a scroll of noise {unknown}
Potions
 b - 3 potions of berserk rage
 j - a potion of lignification {unknown}
 k - a potion of might {unknown}
 m - a potion of agility {@q5 !q}
 n - 2 potions of resistance
 s - 5 potions of curing {@q1 !q}
 t - a potion of magic
 x - a potion of haste {@q4 !q}
 z - a potion of cancellation
 B - a potion of ambrosia {unknown}
Comestibles
 e - 5 rations {!d}
 G - 6 chunks of flesh


   Skills:
 - Level 5.0 Fighting
 + Level 3.0 Dodging
 + Level 6.0 Stealth
 - Level 0.6 Shields
 * Level 2.8 Unarmed Combat
 + Level 4.6 Spellcasting
 - Level 1.0 Conjurations
 - Level 3.0 Transmutations
 - Level 3.1 Fire Magic
 - Level 3.3 Air Magic
 * Level 8.7 Poison Magic


You had 2 spell levels left.
You knew the following spells:

 Your Spells              Type           Power        Failure   Level  Hunger
a - Sting                 Conj/Pois      ####         1%          1    None
b - Poisonous Vapours     Pois/Air       ####..       6%          2    None
B - Blink                 Tloc           N/A          34%         2    None
C - Ignite Poison         Fire/Tmut/Pois #####...     3%          3    ##.....
P - Spider Form           Tmut/Pois      ###          10%         3    ##.....
Y - Olgreb's Toxic Radia  Pois           #####...     2%          4    ####...

Your spell library contained the following spells:

 Spells                   Type           Power        Failure   Level  Hunger
 Flame Tongue             Conj/Fire      ###..        3%          1    None
 Magic Dart               Conj           #...         4%          1    None
 Call Imp                 Summ           #.....       34%         2    None
 Mephitic Cloud           Conj/Pois/Air  ####....     4%          3    ##.....
 Conjure Flame            Conj/Fire      ###.....     9%          3    ##.....
 Venom Bolt               Conj/Pois      ####......   19%         5    #####..
 Summon Scorpions         Summ/Pois      ####....     34%         4    ####...


Dungeon Overview and Level Annotations

Branches:
Dungeon (6/12)             Temple (1/1) D:5

Altars:
Ashenzari
Cheibriados
Elyvilon
Fedhas
Gozag
Kikubaaqudgha
Lugonu
Makhleb
Nemelex Xobeh
Okawaru
Qazlal
Ru
Vehumet
Wu Jian
Xom
Zin
The Shining One

Shops:
D:4 [   D:5 :?([!


Innate Abilities, Weirdness & Mutations

You cannot wear most types of armour.
You are very stealthy in the water. (Stealth+)
((You are amphibious.))
You can wear up to eight rings at the same time.
((You can use your tentacles to constrict eight enemies at once.))
((Your skin changes colour to match your surroundings (Stealth+).))
((Your rubbery body absorbs attacks. (AC +1, EV +1)))


Message History

The water moccasin zombie is too close now for your liking.
A water moccasin zombie is nearby!
A water moccasin zombie is nearby!
A water moccasin zombie is nearby!
The water moccasin zombie bites you.
You hit the water moccasin zombie.
Your grab misses the water moccasin zombie.
The water moccasin zombie is lightly damaged.
The water moccasin zombie barely misses you.
Casting: Ignite Poison (safe; 1% risk of failure)
Confirm with . or Enter, or press ? or * to list all spells.
You can't see any susceptible monsters within range! (Use Z to cast anyway.) Unknown command.
Casting: Ignite Poison (safe; 1% risk of failure)
Confirm with . or Enter, or press ? or * to list all spells.
Aiming: Poisonous Vapours (safe; 1% risk of failure)
Press: ? - help, Dir - move target cursor, f - water moccasin zombie
Aim: a water moccasin zombie (lightly damaged) Poisonous vapours appear!
You block the water moccasin zombie's attack.
Casting: Poisonous Vapours (safe; 1% risk of failure)
Confirm with . or Enter, or press ? or * to list all spells.
You feel a surge of power!
You ignite the poison in your surroundings!
The water moccasin zombie is engulfed in blazing flames.
The water moccasin zombie bites you.
You closely miss the water moccasin zombie.
You grab the water moccasin zombie. You squeeze the water moccasin zombie!
The water moccasin zombie is severely damaged.
You constrict the water moccasin zombie.
The water moccasin zombie is engulfed in blazing flames.
You destroy the water moccasin zombie!
Vehumet accepts your kill.
Your Dodging skill increases to level 3!
Your Stealth skill increases to level 6!
No target in view!
You start resting.
Magic restored.
Some of the chunks of flesh in your inventory have rotted away.
HP restored.
Found a stone staircase leading down.
The crimson imp is too close now for your liking.
A crimson imp is nearby!
Unknown command.
Unknown command.
Casting: Ignite Poison (safe; 1% risk of failure)
Confirm with . or Enter, or press ? or * to list all spells.
You turn into a venomous arachnid creature.
Your +0 dagger melds into your body.
Your +1 hat melds into your body.
The crimson imp shouts!
The crimson imp completely misses you.
You hit the crimson imp.
The crimson imp is moderately wounded.
The crimson imp misses you.
You barely miss the crimson imp.
The crimson imp is moderately wounded.
You barely miss the crimson imp.
The crimson imp is moderately wounded.
The crimson imp barely misses you.
You hit the crimson imp but do no damage.
The crimson imp is lightly wounded.
The crimson imp completely misses you.
You bite the crimson imp!
The crimson imp is heavily wounded.
The crimson imp blinks!
No target in view!
A hippogriff comes into view.
The crimson imp misses you.
The hippogriff screeches!
The hippogriff bites you! The hippogriff misses you.
The hippogriff completely misses you.
The crimson imp hits you but does no damage.
You hit the hippogriff but do no damage.
The hippogriff is poisoned.
The crimson imp hits you from afar with a +0 trident of piercing!
You hit the hippogriff but do no damage.
The hippogriff looks more poisoned.
The hippogriff closely misses you. You block the hippogriff's attack.
The hippogriff claws you.
The crimson imp hits you from afar with a +0 trident of piercing!
The crimson imp misses you.
The crimson imp blinks!
The crimson imp hits you from afar with a +0 trident of piercing.
You block the crimson imp's attack.
The crimson imp blinks!
You hit the crimson imp.
The crimson imp is heavily wounded.
The hippogriff completely misses you. The hippogriff barely misses you. x2
The crimson imp closely misses you.
You hit the crimson imp but do no damage.
The crimson imp is moderately wounded.
The hippogriff bites you!
* * * LOW HITPOINT WARNING * * *
You block the hippogriff's attack. The hippogriff claws you.
* * * LOW HITPOINT WARNING * * *
You block the crimson imp's attack. The hippogriff completely misses you.
The hippogriff pecks you.
* * * LOW HITPOINT WARNING * * *
The hippogriff barely misses you.
The crimson imp hits you from afar with a +0 trident of piercing.
You die...

.# ...... .... ..
#.##..####..#..# #.###
.....r. ... .^# .......
...###.#####.# ####
.......
#........§...####....
.......
##..###.###...>...##
.......
#..###..####......## .#
#####..
..............###..##.#
.####sH####..# .#..
##.# ##.# #... #5#
#.##..# ... #..#.#
.###. ##...# ##. #'
#..####..##.... ≈
#..........# ≈≈
#.####.....# ≈≈
#...÷...##..#


You could see a hippogriff and a crimson imp.

Vanquished Creatures
  A centaur zombie (D:6)
  A hippogriff (D:6)
  Eustachio (D:5)
  A sky beast (D:4)
  2 ice beasts
  A necrophage (D:5)
  A phantom (D:6)
  3 ogres
  A centaur (D:6)
  2 water moccasin zombies (D:6)
  A scorpion (D:3)
  A water moccasin skeleton (D:5)
  A howler monkey (D:6)
  A crimson imp (D:3)
  A quasit (D:5)
  2 hounds
  A jelly (D:5)
  7 orc priests
  6 orc wizards
  2 iguanas (D:4)
  2 worker ants
  A hound skeleton (D:4)
  11 adders
  2 oozes
  2 dart slugs (D:2)
  A leopard gecko (D:4)
  19 orcs
  6 bats
  A giant cockroach (D:1)
  3 goblins
  8 hobgoblins
  13 jackals
  3 quokkas
  5 frilled lizards
  8 kobolds
  4 rats
126 creatures vanquished.

Notes
Turn   | Place    | Note
-------+----------+-------------------------------------------
     0 | D:1      | MisterOstroum the Octopode Venom Mage began the quest for
                  | the Orb.
     0 | D:1      | Reached XP level 1. HP: 11/11 MP: 3/3
    18 | D:1      | Reached skill level 1 in Fighting
   169 | D:1      | Found a shattered altar of Ashenzari.
   171 | D:1      | Reached XP level 2. HP: 18/18 MP: 0/5
   883 | D:2      | Reached skill level 4 in Poison Magic
   883 | D:2      | Reached XP level 3. HP: 10/24 MP: 0/6
   900 | D:1      | Learned a level 2 spell: Poisonous Vapours
  1118 | D:2      | Learned a level 3 spell: Ignite Poison
  1196 | D:2      | Reached XP level 4. HP: 29/29 MP: 4/7
  1565 | D:2      | Reached skill level 1 in Air Magic
  1790 | D:3      | Reached skill level 5 in Poison Magic
  1790 | D:3      | Reached XP level 5. HP: 32/35 MP: 3/8
  2552 | D:3      | Reached XP level 6. HP: 37/41 MP: 1/9
  2912 | D:4      | Reached skill level 5 in Stealth
  3148 | D:3      | Reached XP level 7. HP: 7/46 MP: 8/10
  3425 | D:3      | Learned a level 4 spell: Olgreb's Toxic Radiance
  3491 | D:4      | Reached skill level 1 in Transmutations
  3491 | D:4      | Reached skill level 1 in Fire Magic
  3977 | D:4      | Found Miocousua's Antique Armour Emporium.
  4126 | D:5      | Entered Level 5 of the Dungeon
  4421 | D:5      | Found Usosotsa's Antique Weapon Emporium.
  4709 | D:5      | Found Ikhoureck's Magic Scroll Shoppe.
  4709 | D:5      | Found Keonar's Book Shop.
  4716 | D:5      | Bought a scroll of fog for 22 gold pieces
  4728 | D:5      | Reached skill level 6 in Poison Magic
  4728 | D:5      | Reached XP level 8. HP: 45/54 MP: 11/11
  4731 | D:5      | Bought a book of Minor Magic for 280 gold pieces
  4776 | D:5      | Found a sacrificial altar of Ru.
  4864 | D:5      | Found a staircase to the Ecumenical Temple.
  4873 | Temple   | Entered the Ecumenical Temple
  5029 | Temple   | Became a worshipper of Vehumet
  5524 | D:5      | Found Falloij's Distillery.
  5533 | D:5      | Noticed Eustachio
  5537 | D:5      | Killed Eustachio
  5778 | D:5      | Found Muis's Antique Armour Shoppe.
  5999 | D:6      | Reached skill level 7 in Poison Magic
  6199 | D:6      | Reached XP level 9. HP: 45/59 MP: 15/15
  6298 | D:6      | Learned a level 3 spell: Spider Form
  6301 | D:6      | Learned a level 2 spell: Blink
  6312 | D:6      | Reached skill level 5 in Fighting
  6323 | D:6      | Reached skill level 1 in Unarmed Combat
  6323 | D:6      | Reached skill level 8 in Poison Magic
  6533 | D:6      | Reached * piety under Vehumet
  6533 | D:6      | Offered knowledge of Flame Tongue by Vehumet.
  6845 | D:6      | HP: 2/60 [hippogriff (2)]
  6845 | D:6      | Slain by a crimson imp

Skill      XL: |  1  2  3  4  5  6  7  8  9 |
---------------+----------------------------+-----
Fighting       | 1 2 3 4 5 |  5.0
Poison Magic   | 4 5 6 7 8 |  8.7
Air Magic      | 1 2 3 |  3.3
Stealth        | 4 5 6 |  6.0
Transmutations | 2 3 |  3.0
Fire Magic     | 2 3 |  3.1
Spellcasting   | 4 |  4.6
Unarmed Combat | 2 |  2.8
Dodging        | 3 |  3.0
Shields        | |  0.6
Conjurations   | |  1.0

Action                   |  1- 3 |  4- 6 |  7- 9 || total
-------------------------+-------+-------+-------++-------
Melee: Unarmed           |     9 |       |     9 ||    18
       Constrict         |    11 |    23 |    16 ||    50
       Tentacles         |     4 |    19 |    16 ||    39
       Dagger            |    13 |    80 |    89 ||   182
Throw: Stone             |       |     6 |     5 ||    11
 Cast: Sting             |    33 |    15 |     6 ||    54
       Poisonous Vapours |     3 |    34 |    39 ||    76
       Ignite Poison     |       |     1 |    20 ||    21
       Olgreb's Toxic Ra |       |       |    12 ||    12
       Spider Form       |       |       |     1 ||     1
  Use: Scroll            |       |       |     9 ||     9
 Stab: Sleeping          |     1 |     2 |     2 ||     5
  Eat: Chunk             |     1 |     9 |    13 ||    23
       Ration            |       |       |     1 ||     1
Armor: Skin              |     3 |     7 |    19 ||    29
Dodge: Dodged            |    31 |    47 |   105 ||   183
Block: Other             |       |       |    14 ||    14
